 Dungeon Crawl Stone Soup version 0.20-a0-792-g09bcfd3 (webtiles) character file.

107 nono the Chucker (level 4, -8/24 HPs)
             Began as a Vine Stalker Hunter on Feb 28, 2017.
             Was a Believer of Uskayaw.
             Killed from afar by an orc wizard (11 damage)
             ... with a magic dart
             ... on level 5 of the Dungeon.
             The game lasted 00:08:22 (970 turns).

nono the Chucker (Vine Stalker Hunter)               Turns: 970, Time: 00:08:23

Health: -8/24      AC:  3    Str: 19    XL:     4   Next: 86%
Magic:  0/5        EV: 12    Int: 11    God:    Uskayaw [**....]
Gold:   75         SH:  0    Dex: 15    Spells: 3/3 levels left

rFire    . . .     SeeInvis .   a - +0 short sword
rCold    . . .     Gourm    .   e - +0 robe (curse)
rNeg     . . .     Faith    .   (no shield)
rPois    +         Spirit   +   (no helmet)
rElec    .         Reflect  .   (no cloak)
rCorr    .         Harm     .   (no gloves)
MR       .....                  n - +0 pair of boots
Stlth    ++........             (no amulet)
Regen    0.5/turn               d - +4 ring of strength
MPRegen  0.1/turn               c - ring of poison resistance

@: no status effects
A: fangs 2, poison resistance, regeneration 1, evolution 1, magic shield,
antimagic bite, no potion heal 3, rot immunity, subdued magic 1
a: Stomp, Line Pass, Renounce Religion


You were on level 5 of the Dungeon.
You worshipped Uskayaw.
Uskayaw was noncommittal.
You were not hungry.

You visited 1 branch of the dungeon, and saw 5 of its levels.

You collected 75 gold pieces.

Inventory:

Hand Weapons
 a - a +0 short sword (weapon)
 j - a +0 blowgun
Armour
 b - a +0 leather armour
 e - a cursed +0 robe (worn)
 n - a +0 pair of boots (worn)
Jewellery
 c - a ring of poison resistance (left hand)
 d - a +4 ring of strength (right hand)
Scrolls
 k - a scroll of enchant armour {unknown}
 l - a scroll of amnesia {unknown}
 m - a scroll of remove curse {unknown}
Potions
 g - a potion of curing
 i - a potion of flight {unknown}
Comestibles
 f - 2 bread rations
 h - a meat ration


   Skills:
 + Level 3.1 Fighting
 + Level 2.1 Short Blades
 - Level 4.0 Throwing
 - Level 1.5 Dodging
 - Level 1.2 Stealth


You had 3 spell levels left.
You didn't know any spells.

Dungeon Overview and Level Annotations

Branches:
Dungeon (5/15)
 Temple: D:4-7

Altars:
Ashenzari
Uskayaw

Annotations:
D:3 Sigmund


Innate Abilities, Weirdness & Mutations

You have extremely sharp teeth.
Your natural rate of healing is unusually fast.
When hurt, damage is shared between your health and your magic reserves.
Your bite disrupts and absorbs the magic of your enemies.
Potions cannot restore your health.
You are immune to rotting.
Your system is resistant to poisons. (rPois)
You evolve.
Your spells are a little easier to cast, but a little less powerful.


Message History

You barely miss the adder. You bite the adder, but do no damage.
The adder is severely wounded.
The adder bites you.
* * * LOW HITPOINT WARNING * * *
The adder bites you.
* * * LOW HITPOINT WARNING * * *
You miss the adder. Your bite misses the adder.
The adder is severely wounded.
The adder barely misses you.
You hit the adder.
You kill the adder!
Something unseen opens the door.
You puncture the orc!
You kill the orc!
You can now pass through a line of other dancers.
You barely miss something.
You hear some strange, mumbled words.
A magic dart appears from out of thin air!
The magic dart hits you!
You die...

............#...##+#........
......#.....'......#........
............#......#........
#.#.#.#.....#...o..#........
...#....[...#...o.oo........
..#.#.#.....#......#........
.....#......##...###o.......
....#.#.##########......##+#
................@{o.....#
..+...#..........†......#
..#.....#.......####....#
#.#.....###+....#((#....#
###........._.#..#......
#...........#..#.......
#...........####.......
#.....................
#####....................


You could see an orc warrior, 2 dancing weapons and an orc priest.

Vanquished Creatures
  Ijyb (D:3)
  Natasha (D:3)
  2 adders
  A worm (D:2)
  A dart slug (D:2)
  2 leopard geckos
  4 orcs
  A giant cockroach (D:3)
  3 goblins
  A hobgoblin (D:2)
  2 ball pythons (D:2)
  4 bats
  4 frilled lizards
  3 kobolds
  3 rats
33 creatures vanquished.

Notes
Turn   | Place    | Note
-------+----------+-------------------------------------------
     0 | D:1      | nono the Vine Stalker Hunter began the quest for the Orb.
     0 | D:1      | Reached XP level 1. HP: 11/11 MP: 2/2
   249 | D:2      | Reached skill level 4 in Throwing
   249 | D:2      | Reached XP level 2. HP: 12/15 MP: 0/3
   311 | D:2      | Found a shattered altar of Ashenzari.
   382 | D:3      | Noticed Ijyb
   403 | D:3      | Killed Ijyb
   403 | D:3      | Reached skill level 1 in Short Blades
   403 | D:3      | Reached XP level 3. HP: 12/19 MP: 2/4
   491 | D:3      | Noticed Sigmund
   563 | D:2      | Gained mutation: Your system is resistant to poisons. (rPois) [potion of mutation]
   563 | D:2      | Gained mutation: Your spells are a little easier to cast, but a little less powerful. [potion of mutation]
   563 | D:2      | Gained mutation: You evolve. [potion of mutation]
   586 | D:2      | Gained mutation: Your natural rate of healing is unusually fast. [Vine Stalker growth]
   586 | D:2      | Reached XP level 4. HP: 6/23 MP: 5/5
   621 | D:3      | Noticed Natasha
   652 | D:3      | Killed Natasha
   801 | D:5      | Entered Level 5 of the Dungeon
   875 | D:5      | Found a hide-covered altar of Uskayaw.
   878 | D:5      | Noticed a hand axe
   878 | D:5      | Noticed a hand axe
   897 | D:5      | Noticed an orc warrior
   913 | D:5      | Became a worshipper of Uskayaw the Reveler
   942 | D:5      | Reached * piety under Uskayaw
   966 | D:5      | HP: 1/24 [adder (2)]
   969 | D:5      | Reached ** piety under Uskayaw
   970 | D:5      | Killed from afar by an orc wizard

Vault maps used:
D:1:      dpeg_arrival_rooms_c, xom_teletrap_fun
D:2:      old_standard_altar, first_bread, minmay_cut_off
D:3:      grunt_ministairs_5, eino_tiny_chamber, uniq_sigmund, uniq_iyjb,
          uniq_natasha
D:4:      grunt_temple_overflow_bloody_war
D:5:      nicolae_overflow_crystal_walls, dancing_weapons_uskayaw,
          minmay_temple_entry_statues_pillars, hangedman_decor_riveting,
          minmay_misc_feat_chi

Skill      XL: |  1  2  3  4 |
---------------+-------------+-----
Throwing       | 4 |  4.0
Fighting       | 2 3 |  3.1
Short Blades   | 1 2 |  2.1
Dodging        | |  1.5
Stealth        | |  1.2

Action                   |  1- 3 |  4- 6 || total
-------------------------+-------+-------++-------
Melee: Short sword       |    47 |    34 ||    81
       Bite              |    15 |    10 ||    25
 Fire: Blowgun           |     2 |       ||     2
Throw: Javelin           |    24 |     5 ||    29
       Throwing net      |     2 |       ||     2
  Use: Potion            |     1 |     1 ||     2
       Scroll            |     1 |       ||     1
 Stab: Sleeping          |     3 |       ||     3
       Held in net/web   |     2 |       ||     2
Armor: Robe              |     8 |    11 ||    19
       Leather armour    |     2 |       ||     2
Dodge: Dodged            |    35 |    25 ||    60
